AoeStats
← MK Sinaloa

African Clearing

510624746Analyzed
2v2 RM · 19h ago on Oct 1, 2026· 62m 19s· 4 players
Game mode
Random Map
Map size
Medium (4 player)
Population
200
Speed
Normal
Resources
Standard
Victory
Conquest
Starting age
Dark Age
Ending age
Imperial Age
RankedLock teamsTeams togetherTeam positionsShared explorationLock speedFull tech treeHidden civsTurbo modeCheats
Victory
Defeat
🇲🇽 Aztecs · Mexico
844
+11
🇲🇽 Khmer · Mexico
634
+20
🇸🇰 Tupi · Slovakia
742
-16
🇲🇽 Saxons · Mexico
719
-15
IsackGtz
4:06 Loom
15:42 Feudal Age
16:13 Double-Bit Axe
17:55 Gold Mining
17:58 Stone Mining
19:35 Fletching
21:04 Man-at-Arms
26:13 Horse Collar
30:42 Castle Age
31:27 Squires
51:01 Gambesons
52:24 Gold Shaft Mining
52:43 Heavy Plow
54:40 Clerical Recruitment
58:44 Imperial Age
57:05 Wheelbarrow
58:28 Hand Cart
58:11 Bodkin Arrow
60:29 Block Printing
60:43 Illumination
61:37 Redemption
Tarklow
4:18 Loom
14:52 Feudal Age
15:23 Double-Bit Axe
16:19 Town Watch
18:14 Horse Collar
18:28 Gold Mining
18:28 Stone Mining
25:57 Castle Age
24:11 Champi Runner
27:48 Bow Saw
27:40 Champi Warrior
28:07 Arson
28:22 Squires
42:13 Fletching
43:41 Murder Holes
47:28 Bodkin Arrow
49:00 Horse Collar
55:33 Padded Archer Armor
Goberneitor
3:44 Loom
17:10 Feudal Age
20:05 Double-Bit Axe
20:51 Horse Collar
27:26 Wheelbarrow
26:36 Town Watch
28:52 Castle Age
31:07 Bloodlines
31:09 Crossbowman
32:09 Murder Holes
35:22 Hand Cart
38:53 Forging
38:43 Scale Mail Armor
38:48 Scale Barding Armor
41:51 Bow Saw
42:26 Chain Barding Armor
42:22 Stone Mining
42:23 Gold Mining
45:10 Tusk Swords
48:43 Imperial Age
47:59 Gold Shaft Mining
47:59 Stone Shaft Mining
48:37 Ballistics
49:10 Chain Mail Armor
49:34 Double Crossbow
50:27 Heavy Plow
51:33 Chemistry
50:40 Elite Battle Elephant
50:58 Pikeman
53:38 Crop Rotation
53:31 Elite Ballista Elephant
54:33 Conscription
56:02 Plate Barding Armor
56:03 Iron Casting
MK Sinaloa
3:59 Loom
14:01 Feudal Age
15:49 Double-Bit Axe
21:32 Castle Age
26:31 Horse Collar
28:05 Squires
29:26 Ballistics
30:37 Scale Mail Armor
37:48 Wheelbarrow
40:17 Fletching
50:09 Imperial Age
52:06 Redemption
54:49 Block Printing
55:56 Fervor
56:07 Sanctity
Connection lost

Rejoining the realm…

Still unreachable

The connection could not be restored.

Session expired

The server has moved on; the page needs a fresh start.